 Dungeon Crawl Stone Soup version 0.28-a0-1190-g77e1c55843 (webtiles) character file.

Game seed: 6538396789238998735

56 siradein the Firebug (level 3, -1/19 HPs)
             Began as a Deep Elf Fire Elementalist on Dec 18, 2021.
             Slain by an orc wizard (2 damage)
             ... on level 3 of the Dungeon.
             The game lasted 00:03:56 (1947 turns).

siradein the Firebug (Deep Elf Fire Elementalist)   Turns: 1947, Time: 00:03:57

Health: -1/19      AC:  2    Str:  5    XL:     3   Next: 69%
Magic:  4/10       EV: 13    Int: 21    God:
Gold:   64         SH:  0    Dex: 15    Spells: 1/9 levels left

rFire   . . .      SeeInvis .   f - +0 quarterstaff
rCold   . . .      Faith    .   (shield currently unavailable)
rNeg    . . .      Spirit   .   a - +0 robe
rPois   .          Reflect  .   (no helmet)
rElec   .          Harm     .   (no cloak)
rCorr   .          Rampage  .   (no gloves)
Will    .....                   (no boots)
Stlth   ++........              (no amulet)
HPRegen 0.06/turn               (no ring)
MPRegen 0.12/turn               (no ring)

@: no status effects
A: no striking features
a: no special abilities


You were on level 3 of the Dungeon.
You visited 1 branch of the dungeon, and saw 3 of its levels.

You collected 64 gold pieces.

Inventory:

Hand Weapons
 f - a +0 quarterstaff (weapon)
Armour
 a - a +0 robe (worn)
Scrolls
 b - a scroll of blinking {unknown}
 d - a scroll of identify {unknown}
Potions
 c - a potion of curing {unknown}
 e - a potion of cancellation {unknown}


   Skills:
 + Level 3.1 Dodging
 - Level 2.9 Stealth
 + Level 3.7 Spellcasting
 + Level 2.0 Conjurations
 + Level 3.8 Fire Magic


You had one spell level left.
You knew the following spells:

 Your Spells              Type           Power      Damage    Failure   Level
a - Foxfire               Conj/Fire      64%        2x1d7     3%          1
b - Scorch                Fire           38%        2d6       4%          2
c - Blink                 Tloc           6%         N/A       19%         2
d - Conjure Flame         Conj/Fire      16%        6-21      11%         3

Your spell library contained the following spells:

 Spells                   Type           Power      Damage    Failure   Level
 Inner Flame              Hex/Fire       11%        N/A       17%         3
 Passwall                 Tmut/Erth      2%         N/A       19%         2
 Lesser Beckoning         Tloc           3%         N/A       36%         3
 Swiftness                Air            3%         N/A       36%         3
 Flame Wave               Conj/Fire      16%        2d5       36%         4
 Manifold Assault         Tloc           3%         N/A       98%         5


Dungeon Overview and Level Annotations

Branches:
Dungeon (3/15)

Altars:

Shops:
D:2 (


Message History

The foxfire hits the orc!
You kill the orc!
The foxfire hits the goblin.
The goblin is severely wounded.
Your magical contamination has completely faded away.
You miscast Foxfire.
You are very lightly contaminated with residual magic.
Nothing appears to happen.
You conjure some foxfire!
The foxfire hits the endoplasm.
The endoplasm is heavily wounded.
The foxfire hits the goblin!
You kill the goblin!
You conjure some foxfire!
The endoplasm hits you but does no damage.
The foxfire hits the endoplasm.
The endoplasm is almost dead.
The foxfire hits the orc.
The orc is almost dead.
The endoplasm freezes you.
You are frozen.
An orc comes into view. It is wielding a +0 short sword.
The orc wizard gestures wildly while chanting.
The orc wizard flickers and vanishes!
Deactivating autopickup; reactivate with Ctrl-A.
Your magical contamination has completely faded away.
You conjure some foxfire!
The endoplasm freezes you.
You are frozen.
The foxfire hits something.
The orc closely misses you.
The foxfire hits something but does no damage.
A quokka comes into view.
You closely miss the orc. The endoplasm closely misses you. The orc misses you.
The endoplasm freezes you.
You are frozen.
You closely miss something. The endoplasm hits you.
You barely miss something. The orc hits you with a +0 flail!
* * * LOW HITPOINT WARNING * * *
The endoplasm hits you.
* * * LOW HITPOINT WARNING * * *
Something hits you.
You die...

#<...)......>
#.>.....>..##
#....).....#
#..........####
#..............
#..........###
#........oo##
##########Jo###
##@.r# ###.# ..
... ..# .# .


You could see 3 orcs, an endoplasm and a quokka.

Vanquished Creatures
  2 adders (D:2)
  2 orcs
  2 bats (D:2)
  3 endoplasms (D:1)
  2 giant cockroaches
  2 goblins
  7 hobgoblins
  4 jackals (D:1)
  A quokka (D:2)
  3 kobolds
  A rat (D:2)
29 creatures vanquished.

Vanquished Creatures (others)
  75 foxfires
75 creatures vanquished.

Grand Total: 104 creatures vanquished

Notes
Turn   | Place    | Note
-------+----------+-------------------------------------------
     0 | D:1      | siradein the Deep Elf Fire Elementalist began the quest for
                  | the Orb.
     0 | D:1      | Reached XP level 1. HP: 10/10 MP: 6/6
   145 | D:1      | Reached XP level 2. HP: 15/15 MP: 6/8
   891 | D:1      | Learned a level 2 spell: Scorch
   894 | D:1      | Learned a level 2 spell: Blink
  1153 | D:2      | Found a faded altar of an unknown god.
  1222 | D:2      | Found Ixeinlon's Weapon Shoppe.
  1386 | D:2      | Reached XP level 3. HP: 19/19 MP: 7/9
  1412 | D:2      | Learned a level 3 spell: Conjure Flame
  1947 | D:3      | Slain by an orc wizard

Illustrated notes

Levels and vault maps discovered:
D:1:      eino_arrival_cavern_e, layout_loops_ring
D:2:      layout_basic, serial_shops, nicolae_shop_bloodbath_and_beyond,
          ebering_ecumenical_altar_hall, minmay_misc_feat_more_columns,
          amcnicky_mini_pool_small, minivault_23, hangedman_decor_push
D:3:      layout_rooms, hex_medium

Skill      XL: |  1  2  3 |
---------------+----------+-----
Dodging        | 3 |  3.1
Conjurations   | 2 |  2.0
Stealth        | |  2.9
Spellcasting   | |  3.7
Fire Magic     | |  3.8

Action                   || total
-------------------------++-------
Melee: Quarterstaff      ||     3
 Cast: Foxfire           ||    51
Armor: Robe              ||     2
Dodge: Dodged            ||    11

Table legend: (Time is in decaauts)
 A = Elapsed time spent in this place.
 B = Non-inter-level travel time spent in this place.
 C = Inter-level travel time spent in this place.
 D = Time resting spent in this place.
 E = Time spent auto-exploring this place.
 F = Levels seen in this place.
 G = Mean time per level.
                   A        B        C        D        E       F      G
               +--------+--------+--------+--------+--------+-----+--------+
         Total |   1946 |   1925 |     21 |      0 |   1640 |   3 |  648.7 |
       Dungeon |   1946 |   1925 |     21 |      0 |   1640 |   3 |  648.7 |
               +--------+--------+--------+--------+--------+-----+--------+

Top non-repeatable levels by time:
     D:2: 984 daAuts
     D:1: 934 daAuts
     D:3: 27 daAuts
